 Seeded DCSS version 0.27.1-2-g3b301248ec (webtiles) character file.

Game seed: 6258058316398713103 (custom seed)

317 a11behringer the Slasher (level 6, -1/47 HPs)
             Began as a Formicid Abyssal Knight on Sept 23, 2021.
             Was an Initiate of Okawaru.
             Slain by a large abomination (26 damage)
             ... created by the touch of Lugonu
             ... on level 4 of the Dungeon.
             The game lasted 00:14:12 (2819 turns).

a11behringer the Slasher (Formicid Abyssal Knight)  Turns: 2819, Time: 00:14:13

Health: -1/47      AC:  9    Str: 23    XL:     6   Next: 74%
Magic:  8/8        EV:  8    Int: 12    God:    Okawaru [......]
Gold:   147        SH:  0    Dex: 15    Spells: 8/8 levels left

rFire    . . .     SeeInvis +   i - +7 great sword (drain)
rCold    . . .     Faith    .   (no shield)
rNeg     . . .     Spirit   .   t - +0 chain mail
rPois    .         Reflect  .   (helmet unavailable)
rElec    +         Harm     .   (no cloak)
rCorr    +         Rampage  .   h - +0 pair of gloves
Will     .....                  (no boots)
Stlth    ..........             p - amulet of the acrobat
HPRegen  0.15/turn              e - ring of resist corrosion
MPRegen  0.11/turn              g - ring "Wesetake" {rElec Str+6 Dex+4}

@: no status effects
A: permanent stasis, dig shafts and tunnels, antennae 3, four strong arms
a: Dig, Shaft Self, Renounce Religion


You were on level 4 of the Dungeon.
You worshipped Okawaru.
Okawaru was noncommittal.
You visited 1 branch of the dungeon, and saw 4 of its levels.
You visited the Abyss 1 time.

You collected 147 gold pieces.

Inventory:

Hand Weapons
 a - a +1 falchion
 i - a +7 great sword of draining (weapon)
Armour
 b - a +0 leather armour
 h - a +0 pair of gloves (worn)
 j - a +0 tower shield
 k - a +2 hat
 t - a +0 chain mail (worn)
 u - a +0 kite shield
Jewellery
 e - a ring of resist corrosion (left hand)
 g - the ring "Wesetake" (right hand) {rElec Str+6 Dex+4}
   (You acquired it on level 1 of the Dungeon)

   [ring of strength]

   Str:       It affects your strength (+6).
   Dex:       It affects your dexterity (+4).
   rElec:     It insulates you from electricity.
 p - an amulet of the acrobat (around neck)
Scrolls
 c - a scroll of identify
 m - a scroll of enchant weapon {unknown}
 n - a scroll of amnesia {unknown}
 r - a scroll of enchant armour {unknown}
 s - a scroll of fear {unknown}
Potions
 d - a potion of brilliance {unknown}
 f - 2 potions of haste
 l - a potion of heal wounds {unknown}
 o - a potion of might {unknown}
 q - a potion of attraction {unknown}
 v - a potion of curing {unknown}


   Skills:
 - Level 3.4 Fighting
 * Level 6.1 Long Blades
 - Level 2.2 Armour
 - Level 0.8 Dodging
 * Level 1.9 Spellcasting
 - Level 2.3 Invocations


You had 8 spell levels left.
You didn't know any spells.
Your spell library contained the following spells:

 Spells                   Type           Power      Damage    Failure   Level
 Foxfire                  Conj/Fire      4%         2x1d4     93%         1
 Magic Dart               Conj           4%         1d3       93%         1
 Call Imp                 Summ           1%         N/A       98%         2
 Conjure Flame            Conj/Fire      1%         6-21      100%        3
 Inner Flame              Hex/Fire       1%         N/A       100%        3
 Mephitic Cloud           Conj/Pois/Air  1%         N/A       100%        3
 Dispersal                Tloc           0%         N/A       100%        6
 Disjunction              Tloc           0%         N/A       100%        8


Dungeon Overview and Level Annotations

Branches:
Dungeon (4/15)
 Temple: D:4-7

Altars:
Fedhas
Okawaru


Innate Abilities, Weirdness & Mutations

You cannot be hasted, slowed, berserked, paralysed or teleported.
You can dig through walls and to a lower floor.
You have a pair of large antennae on your head. (SInv)
Your four strong arms can wield two-handed weapons with a shield.


Message History

The slug dart misses you.
An adder comes into view.
The adder hisses angrily.
The dart slug completely misses you.
You riposte.
You slash the dart slug! You drain the dart slug.
You kill the dart slug!
Okawaru accepts your kill.
The adder moves out of view.
You see here a dart slug corpse.
You barely miss the adder. The adder bites you.
You are poisoned.
The adder poisons you! The adder bites you but does no damage.
You barely miss the adder.
You feel sick.
The adder bites you but does no damage. x2
You miss the adder.
You feel sick. The adder bites you but does no damage.
You miss the adder.
You feel sick.
You are no longer poisoned.
The adder barely misses you. The adder bites you but does no damage.
You completely miss the adder. The adder closely misses you.
The adder bites you but does no damage.
You slash the adder!
You kill the adder!
Okawaru accepts your kill.
You see here 16 stones.
Lugonu sends minions to punish you. The divine experience confuses you!
You are confused.
A large abomination comes into view.
You bump into the rock wall.
You barely miss the large abomination. The large abomination hits you.
You hit the large abomination.
The large abomination is lightly damaged.
The large abomination hits you.
You bump into the rock wall.
The large abomination hits you!
The large abomination completely misses you.
You slice the large abomination!!
The large abomination is heavily damaged.
You feel less confused. The large abomination hits you!!
Ouch! That really hurt!
You die...

##### #...#
#...#
#..X#######
#..@......##
##...###...#
###..##.###
##.#..#####
..
##.#(#.......
...
#......####..
##.# #.†.####
#..# ##...# .
#..#
####...###
#.##


You could see a large abomination.

Vanquished Creatures
  An ogre (D:4)
  2 orc priests (D:4)
  A hound (D:4)
  An iguana (D:4)
  5 adders
  4 worms
  A dart slug (D:4)
  7 orcs (D:4)
  2 ball pythons
  7 endoplasms
  A giant cockroach (D:2)
  2 goblins (D:1)
  4 hobgoblins
  2 quokkas
  2 bats
  4 frilled lizards
  9 kobolds
  8 rats
63 creatures vanquished.

Notes
Turn   | Place    | Note
-------+----------+-------------------------------------------
     0 | Abyss:1  | a11behringer the Formicid Abyssal Knight began the quest
                  | for the Orb.
     0 | Abyss:1  | Reached XP level 1. HP: 18/18 MP: 2/2
    15 | Abyss:1  | Noticed a small abomination
    18 | D:1      | Escaped the Abyss
   209 | D:1      | Found a faded altar of an unknown god.
   212 | D:1      | Reached XP level 2. HP: 18/24 MP: 3/3
   411 | D:1      | Identified a scroll of acquirement
   411 | D:1      | Acquired the ring "Wesetake" {rElec Str+6 Dex+4}
   535 | D:1      | Reached ** piety under Lugonu
   576 | D:1      | Reached skill level 3 in Long Blades
   712 | D:1      | Reached XP level 3. HP: 25/29 MP: 4/4
  1303 | D:2      | Found a blossoming altar of Fedhas.
  1571 | D:3      | Reached XP level 4. HP: 13/35 MP: 5/5
  2074 | D:3      | Reached skill level 4 in Long Blades
  2194 | D:3      | Reached skill level 1 in Spellcasting
  2470 | D:4      | Noticed an ogre
  2474 | D:4      | Killed an ogre
  2475 | D:4      | Reached skill level 5 in Long Blades
  2475 | D:4      | Reached XP level 5. HP: 32/41 MP: 5/7
  2479 | D:4      | Reached XP level 6. HP: 37/47 MP: 5/8
  2521 | D:4      | Acquired a +7 great sword of draining
  2526 | D:4      | Found an iron altar of Okawaru.
  2536 | D:4      | Fell from the grace of Lugonu
  2541 | D:4      | Became a worshipper of Warmaster Okawaru
  2633 | D:4      | Reached skill level 6 in Long Blades
  2813 | D:4      | Noticed a large abomination
  2819 | D:4      | Slain by a large abomination

Illustrated notes

Levels and vault maps discovered:
D:1:      sevenhm_arrival_forest_fort_large_2, layout_rooms,
          ebering_ecumenical_altar_sacrificial
D:2:      layout_rooms, basic_altar, minmay_misc_feat_encased,
          grunt_ministairs_2
D:3:      layout_rooms
D:4:      layout_rooms, okawaru_trees_1

Skill      XL: |  1  2  3  4  5  6 |
---------------+-------------------+-----
Long Blades    | 3 5 6 |  6.1
Spellcasting   | 1 |  1.9
Fighting       | |  3.4
Armour         | |  2.2
Dodging        | |  0.8
Invocations    | |  2.3

Action                   |  1- 3 |  4- 6 || total
-------------------------+-------+-------++-------
Melee: Falchion          |    76 |    50 ||   126
       Great sword       |       |    27 ||    27
Invok: Renounce Religion |       |     1 ||     1
 Abil: Dig               |     1 |       ||     1
  Use: Scroll            |     5 |     1 ||     6
Armor: Leather armour    |    41 |    11 ||    52
       Chain mail        |       |    16 ||    16
Dodge: Dodged            |    44 |    52 ||    96
       Rpst.: Falchion   |    16 |    17 ||    33
       Great sword       |       |     3 ||     3
